 Dungeon Crawl Stone Soup version 0.21.0-3-g78d12a8 (webtiles) character file.

566 reaper779 the Skirmisher (level 7, -1/60 HPs)
             Began as a Gnoll Wanderer on Jan 17, 2018.
             Slain by Bofadeez's ghost (2 damage)
             ... on level 4 of the Dungeon on Jan 18, 2018.
             The game lasted 00:09:36 (2972 turns).

reaper779 the Skirmisher (Gnoll Wanderer)           Turns: 2972, Time: 00:09:36

Health: -1/60      AC: 10    Str: 19    XL:     7   Next: 32%
Magic:  10/10      EV:  9    Int: 13    God:
Gold:   144        SH:  0    Dex: 13    Spells: 10/10 levels left

rFire    . . .     SeeInvis .   a - +3 hand axe
rCold    . . .     Gourm    .   (no shield)
rNeg     . . .     Faith    .   t - +0 chain mail
rPois    .         Spirit   .   r - +1 hat
rElec    .         Reflect  .   (no cloak)
rCorr    .         Harm     .   (no gloves)
MR       .....                  (no boots)
Stlth    ..........             (no amulet)
HPRegen  0.20/turn              (no ring)
MPRegen  0.12/turn              (no ring)

@: no status effects
A: distributed training, fangs 1, strong nose
a: no special abilities


You were on level 4 of the Dungeon.
You were not hungry.

You visited 1 branch of the dungeon, and saw 4 of its levels.

You collected 144 gold pieces.

Inventory:

Hand Weapons
 a - a +3 hand axe (weapon)
 b - a +0 hand crossbow
 z - a +0 war axe
Missiles
 c - 41 bolts
 e - a throwing net (quivered)
 m - 13 poisoned needles
Armour
 d - a +1 ring mail
 r - a +1 hat (worn)
 t - a +0 chain mail (worn)
Jewellery
 h - a +1 ring of evasion {unknown}
 o - an uncursed ring of fire {unknown}
 q - an uncursed ring of magical power
 s - an uncursed amulet of harm {unknown}
Wands
 p - a wand of flame (31)
 y - a wand of digging (12)
Scrolls
 g - 5 scrolls of amnesia
 l - a scroll of enchant weapon
 u - a scroll of teleportation
 A - a scroll of identify
Potions
 j - 6 potions of ambrosia
 k - a potion of agility
 n - a potion of haste
 v - a potion of mutation {unknown}
 w - a potion of magic {unknown}
 x - a potion of resistance {unknown}
Comestibles
 f - 6 rations
 i - 5 chunks of flesh


   Skills:
 + Level 7.0 Fighting
 + Level 2.3 Short Blades
 + Level 2.3 Long Blades
 + Level 3.5 Axes
 + Level 2.3 Maces & Flails
 + Level 2.3 Polearms
 + Level 2.3 Staves
 + Level 2.3 Slings
 + Level 2.3 Bows
 + Level 2.3 Crossbows
 + Level 3.5 Throwing
 + Level 3.5 Armour
 + Level 3.5 Dodging
 + Level 4.8 Stealth
 + Level 2.3 Shields
 + Level 2.3 Unarmed Combat
 + Level 2.3 Spellcasting
 + Level 1.9 Conjurations
 + Level 1.9 Hexes
 + Level 1.9 Charms
 + Level 1.9 Summonings
 + Level 1.9 Necromancy
 + Level 1.9 Translocations
 + Level 1.9 Transmutations
 + Level 1.9 Fire Magic
 + Level 1.9 Ice Magic
 + Level 1.9 Air Magic
 + Level 1.9 Earth Magic
 + Level 1.9 Poison Magic
 + Level 2.6 Invocations
 + Level 3.5 Evocations


You had 10 spell levels left.
You didn't know any spells.

Dungeon Overview and Level Annotations

Branches:
Dungeon (4/15)
 Temple: D:4-7

Altars:

Annotations:
D:4 Bofadeez's ghost, amateur GrMo


Innate Abilities, Weirdness & Mutations

Your experience applies equally to all skills.
You have very sharp teeth.
Your uncanny sense of smell can sniff out nearby items.


Message History

Bofadeez's ghost hits you but does no damage.
You hit Bofadeez's ghost.
Bofadeez's ghost is almost destroyed.
Bofadeez's ghost hits you but does no damage.
You hit Bofadeez's ghost but do no damage.
Bofadeez's ghost is almost destroyed.
Bofadeez's ghost hits you but does no damage.
You hit Bofadeez's ghost but do no damage.
Bofadeez's ghost is almost destroyed.
Bofadeez's ghost hits you!
* * * LOW HITPOINT WARNING * * *
You hit Bofadeez's ghost but do no damage.
Bofadeez's ghost is almost destroyed.
Bofadeez's ghost hits you.
* * * LOW HITPOINT WARNING * * *
You hit Bofadeez's ghost but do no damage.
You bite Bofadeez's ghost, but do no damage.
Bofadeez's ghost is almost destroyed.
Bofadeez's ghost hits you.
You die...

#.# #.# # #.#
.# #.####.#
#.#.... #....##
#######W....###
.......@......#
............#.#
#####.#....##
#######
#.###..##
.......
##.#.#.......
#######
#.##.###### #.#
.# #.# ..
######.######.#


You could see Bofadeez's ghost.

Vanquished Creatures
  Sigmund (D:4)
  Blork the orc (D:4)
  The ghost of Shadowablaze the Skirmisher, a weakling HOIE (D:3)
  2 hounds (D:3)
  An orc priest (D:4)
  2 orc wizards
  A worker ant (D:4)
  5 adders
  A worm (D:2)
  4 dart slugs
  A leopard gecko (D:2)
  6 orcs
  4 bats
  4 giant cockroaches
  8 goblins
  5 hobgoblins
  6 jackals (D:1)
  11 kobolds
  2 ball pythons (D:1)
  8 frilled lizards
  A leopard gecko skeleton (D:4)
  7 rats
82 creatures vanquished.

Notes
Turn   | Place    | Note
-------+----------+-------------------------------------------
     0 | D:1      | reaper779 the Gnoll Wanderer began the quest for the Orb.
     0 | D:1      | reaper779 set off with: a +2 hand axe, a +0 hand crossbow, 23 bolts, a +0 ring mail, a +0 dagger, a ration
     0 | D:1      | Reached XP level 1. HP: 23/23 MP: 2/2
    97 | D:1      | Reached XP level 2. HP: 29/29 MP: 3/3
   555 | D:1      | Reached XP level 3. HP: 34/35 MP: 4/4
  1104 | D:2      | Reached skill level 1 in Invocations
  1360 | D:2      | Reached skill level 1 in Short Blades
  1360 | D:2      | Reached skill level 1 in Long Blades
  1360 | D:2      | Reached skill level 1 in Maces & Flails
  1360 | D:2      | Reached skill level 1 in Polearms
  1360 | D:2      | Reached skill level 1 in Staves
  1360 | D:2      | Reached skill level 1 in Slings
  1360 | D:2      | Reached skill level 1 in Bows
  1360 | D:2      | Reached skill level 1 in Crossbows
  1360 | D:2      | Reached skill level 1 in Shields
  1360 | D:2      | Reached skill level 1 in Unarmed Combat
  1360 | D:2      | Reached skill level 1 in Spellcasting
  1360 | D:2      | Reached XP level 4. HP: 37/41 MP: 4/6
  1806 | D:3      | Noticed Shadowablaze's ghost (weakling HOIE)
  1823 | D:3      | Killed Shadowablaze's ghost
  1823 | D:3      | Reached skill level 1 in Conjurations
  1823 | D:3      | Reached skill level 1 in Hexes
  1823 | D:3      | Reached skill level 1 in Charms
  1823 | D:3      | Reached skill level 1 in Summonings
  1823 | D:3      | Reached skill level 1 in Necromancy
  1823 | D:3      | Reached skill level 1 in Translocations
  1823 | D:3      | Reached skill level 1 in Transmutations
  1823 | D:3      | Reached skill level 1 in Fire Magic
  1823 | D:3      | Reached skill level 1 in Ice Magic
  1823 | D:3      | Reached skill level 1 in Air Magic
  1823 | D:3      | Reached skill level 1 in Earth Magic
  1823 | D:3      | Reached skill level 1 in Poison Magic
  1823 | D:3      | Reached XP level 5. HP: 39/47 MP: 7/7
  2196 | D:4      | Noticed Bofadeez's ghost (amateur GrMo)
  2371 | D:4      | Noticed Blork the orc
  2382 | D:4      | Killed Blork the orc
  2382 | D:4      | Reached XP level 6. HP: 44/53 MP: 8/8
  2887 | D:4      | Noticed Sigmund
  2908 | D:4      | Killed Sigmund
  2908 | D:4      | Reached skill level 7 in Fighting
  2908 | D:4      | Reached XP level 7. HP: 59/60 MP: 10/10
  2971 | D:4      | HP: 1/60 [Bofadeez's ghost (4)]
  2972 | D:4      | Slain by Bofadeez's ghost

Skill      XL: |  1  2  3  4  5  6 |
---------------+-------------------+-----
Invocations    | 1 2 |  2.6
Short Blades   | 1 2 |  2.3
Long Blades    | 1 2 |  2.3
Maces & Flails | 1 2 |  2.3
Polearms       | 1 2 |  2.3
Staves         | 1 2 |  2.3
Slings         | 1 2 |  2.3
Bows           | 1 2 |  2.3
Crossbows      | 1 2 |  2.3
Shields        | 1 2 |  2.3
Unarmed Combat | 1 2 |  2.3
Spellcasting   | 1 2 |  2.3
Conjurations   | 1 |  1.9
Hexes          | 1 |  1.9
Charms         | 1 |  1.9
Summonings     | 1 |  1.9
Necromancy     | 1 |  1.9
Translocations | 1 |  1.9
Transmutations | 1 |  1.9
Fire Magic     | 1 |  1.9
Ice Magic      | 1 |  1.9
Air Magic      | 1 |  1.9
Earth Magic    | 1 |  1.9
Poison Magic   | 1 |  1.9
Axes           | 3 |  3.5
Throwing       | 3 |  3.5
Armour         | 3 |  3.5
Dodging        | 3 |  3.5
Evocations     | 3 |  3.5
Fighting       | 7 |  7.0
Stealth        | |  4.8

Action                   |  1- 3 |  4- 6 |  7- 9 || total
-------------------------+-------+-------+-------++-------
Melee: Hand axe          |    83 |   149 |    39 ||   271
       Bite              |     9 |    23 |     6 ||    38
       Punch             |       |     1 |       ||     1
  Use: Scroll            |     8 |     5 |       ||    13
 Stab: Sleeping          |     7 |     1 |       ||     8
  Eat: Chunk             |     1 |     6 |       ||     7
Armor: Ring mail         |    24 |     2 |       ||    26
       Chain mail        |       |    71 |    21 ||    92
Dodge: Dodged            |    44 |    61 |     8 ||   113
